MID
DAYTON DRAGONS @ HAGERSTOWN SUNS
04/17/2047
 
TOP OF THE 1ST
Dayton Dragons batting - Pitching for Hagerstown Suns : RHP Jim Sanders
Pitching: RHP Jim Sanders
Batting: RHB Tony Casas 0-0: Ball
1-0: DOUBLE (Flyball, 8RD, EV 100.6 MPH)
Batting: LHB Ray Walden 0-0: Ball
1-0: Swinging Strike
1-1: Called Strike
1-2: Ground out 4-3 (Groundball, 4, EV 106.9 MPH)
Tony Casas to third
Batting: RHB Jonathan Robies 0-0: Ball
1-0: Swinging Strike
1-1: Swinging Strike
1-2: SINGLE (Flyball, 9LS, EV 81.9 MPH)
Tony Casas scores
Batting: SHB Rich Ranaldi 0-0: Called Strike
0-1: Ball
1-1: Called Strike
1-2: SINGLE (Groundball, 6MS, EV 68.1 MPH) (infield hit)
Jonathan Robies to second
Batting: RHB Felipe Pineda 0-0: Ball
1-0: Swinging Strike
1-1: Swinging Strike
1-2: Strikes out swinging
Batting: LHB Phil Lomax 0-0: Ball
1-0: Ground out 5-3 (Groundball, 56S, EV 70.0 MPH)
Top of the 1st over - 1 run, 3 hits, 0 errors, 2 left on base; Dayton 1 - Hagerstown 0
BOTTOM OF THE 1ST
Hagerstown Suns batting - Pitching for Dayton Dragons : RHP Kyle Vance
Pitching: RHP Kyle Vance
Batting: LHB Vince McLane 0-0: Called Strike
0-1: Ground out 6-3 (Groundball, 6M, EV 78.1 MPH)
Batting: RHB Derek Moran 0-0: Called Strike
0-1: Foul Ball, location: 2F
0-2: DOUBLE (Line Drive, 89M, EV 86.2 MPH)
Batting: RHB Deshawn Boseman 0-0: Ball
1-0: Ground out U3 (Groundball, 34, EV 90.0 MPH)
Derek Moran to third
Batting: RHB Steve Bauman 0-0: Foul Ball, location: 2F
0-1: Single, Error in OF, E7, batter to second base (Groundball, 56D, EV 107.5 MPH)
Derek Moran scores
Batting: RHB Antonio Vallez 0-0: Called Strike
0-1: Foul Ball, location: 2F
0-2: Ball
1-2: Fly out, F7 (Line Drive, 7S, EV 93.1 MPH)
Bottom of the 1st over - 1 run, 2 hits, 1 error, 1 left on base; Dayton 1 - Hagerstown 1
TOP OF THE 2ND
Dayton Dragons batting - Pitching for Hagerstown Suns : RHP Jim Sanders
Batting: LHB Armando Arellano 0-0: Ball
1-0: Fly out, F9 (Flyball, 9LSF, EV 81.9 MPH)
Batting: RHB Pat Mage 0-0: Ball
1-0: Ball
2-0: Fly out, F6 (Line Drive, 6, EV 71.9 MPH)
Batting: RHB Al Blanchard 0-0: Foul Ball, location: 2F
0-1: Ball
1-1: Swinging Strike
1-2: Strikes out swinging
Top of the 2nd over - 0 runs, 0 hits, 0 errors, 0 left on base; Dayton 1 - Hagerstown 1
BOTTOM OF THE 2ND
Hagerstown Suns batting - Pitching for Dayton Dragons : RHP Kyle Vance
Batting: RHB Er Le 0-0: Called Strike
0-1: Ball
1-1: Ball
2-1: Ground out 6-3 (Groundball, 6, EV 85.0 MPH)
Batting: RHB Travis Stanley 0-0: Foul Ball, location: 2F
0-1: Ground out 6-3 (Groundball, 6, EV 81.2 MPH)
Batting: RHB Jelexiz Cuenca 0-0: Ball
1-0: Called Strike
1-1: SINGLE (Line Drive, 6D, EV 103.1 MPH)
Batting: RHB Scott Skoglund 0-0: Fielders Choice at 2nd, 5-4 (Groundball, 56, EV 87.5 MPH)
Bottom of the 2nd over - 0 runs, 1 hit, 0 errors, 1 left on base; Dayton 1 - Hagerstown 1
TOP OF THE 3RD
Dayton Dragons batting - Pitching for Hagerstown Suns : RHP Jim Sanders
Batting: RHB Tony Casas 0-0: Bunt for hit to 23 - play at first, batter OUT! 3-4
Batting: LHB Ray Walden 0-0: Ball
1-0: Swinging Strike
1-1: Swinging Strike
1-2: Ball
2-2: Strikes out swinging
Batting: RHB Jonathan Robies 0-0: Foul Ball, location: 2F
0-1: Fly out, F3 (Line Drive, 3L, EV 65.0 MPH)
Top of the 3rd over - 0 runs, 0 hits, 0 errors, 0 left on base; Dayton 1 - Hagerstown 1
BOTTOM OF THE 3RD
Hagerstown Suns batting - Pitching for Dayton Dragons : RHP Kyle Vance
Batting: LHB Vince McLane 0-0: Ground out 4-3 (Groundball, 4, EV 80.6 MPH)
Batting: RHB Derek Moran 0-0: Ball
1-0: Swinging Strike
1-1: SINGLE (Line Drive, 89S, EV 87.5 MPH)
Batting: RHB Deshawn Boseman 0-0: Called Strike
Derek Moran steals 2nd base
0-1: Foul Ball, location: 2F
0-2: Ball
1-2: Foul Ball, location: 2F
1-2: Ball
2-2: Foul Ball, location: 2F
2-2: Strikes out looking
Batting: RHB Steve Bauman 0-0: Ball
1-0: Called Strike
1-1: Ball
2-1: Ball
3-1: Fly out, F9 (Line Drive, 89M, EV 102.5 MPH)
Bottom of the 3rd over - 0 runs, 1 hit, 0 errors, 1 left on base; Dayton 1 - Hagerstown 1
TOP OF THE 4TH
Dayton Dragons batting - Pitching for Hagerstown Suns : RHP Jim Sanders
Batting: SHB Rich Ranaldi 0-0: Swinging Strike
0-1: Ball
1-1: Swinging Strike
1-2: Strikes out swinging
Batting: RHB Felipe Pineda 0-0: Ball
1-0: Ball
2-0: Foul Ball, location: 2F
2-1: Ball
3-1: SINGLE (Line Drive, 3D, EV 94.4 MPH)
Batting: LHB Phil Lomax 0-0: Ground out 4-3 (Groundball, 34, EV 106.9 MPH)
Felipe Pineda to second
Batting: LHB Armando Arellano 0-0: Ball
1-0: Called Strike
1-1: Fly out, F8 (Flyball, 8LM, EV 93.1 MPH)
Top of the 4th over - 0 runs, 1 hit, 0 errors, 1 left on base; Dayton 1 - Hagerstown 1
BOTTOM OF THE 4TH
Hagerstown Suns batting - Pitching for Dayton Dragons : RHP Kyle Vance
Batting: RHB Antonio Vallez 0-0: Called Strike
0-1: Ball
1-1: Ground out U3 (Groundball, 3L, EV 84.4 MPH)
Batting: RHB Er Le 0-0: Foul Ball, location: 2F
0-1: Ball
1-1: Foul Ball, location: 2F
1-2: Ground out 4-3 (Groundball, 4D, EV 102.5 MPH)
Batting: RHB Travis Stanley 0-0: Ball
1-0: Ball
2-0: Foul Ball, location: 2F
2-1: SINGLE (Groundball, 4M, EV 101.9 MPH) (infield hit)
Batting: RHB Jelexiz Cuenca 0-0: Ball
1-0: Swinging Strike
1-1: Foul Ball, location: 2F
1-2: SINGLE (Groundball, 6MD, EV 111.2 MPH)
Travis Stanley to second
Travis Stanley to third
Batting: RHB Scott Skoglund 0-0: Called Strike
0-1: Ball
1-1: Ball
2-1: Ball
3-1: Base on Balls
Jelexiz Cuenca to second
Batting: LHB Vince McLane 0-0: Called Strike
0-1: Ball
1-1: Ball
2-1: Ball
3-1: Ground out 4-3 (Groundball, 4, EV 83.8 MPH)
Bottom of the 4th over - 0 runs, 2 hits, 0 errors, 3 left on base; Dayton 1 - Hagerstown 1
TOP OF THE 5TH
Dayton Dragons batting - Pitching for Hagerstown Suns : RHP Jim Sanders
Batting: RHB Pat Mage 0-0: Called Strike
0-1: Foul Ball, location: 2F
0-2: Foul Ball, location: 2F
0-2: Strikes out looking
Batting: RHB Al Blanchard 0-0: Ball
1-0: Ball
2-0: Ball
3-0: Called Strike
3-1: Ground out 6-3 (Groundball, 56, EV 111.9 MPH)
Batting: RHB Tony Casas 0-0: Ball
1-0: Ball
2-0: Called Strike
2-1: Ground out U3 (Groundball, 34S, EV 93.8 MPH)
Top of the 5th over - 0 runs, 0 hits, 0 errors, 0 left on base; Dayton 1 - Hagerstown 1
BOTTOM OF THE 5TH
Hagerstown Suns batting - Pitching for Dayton Dragons : RHP Kyle Vance
Batting: RHB Derek Moran 0-0: Foul Ball, location: 2F
0-1: Foul Ball, location: 2F
0-2: Ball
1-2: Ground out 6-3 (Groundball, 6D, EV 88.1 MPH)
Batting: RHB Deshawn Boseman 0-0: Foul Ball, location: 2F
0-1: Ground out 6-3 (Groundball, 6, EV 98.8 MPH)
Batting: RHB Steve Bauman 0-0: Ball
1-0: SOLO HOME RUN (Flyball, 7LD, EV 93.8 MPH), Distance : 352 ft
Batting: RHB Antonio Vallez 0-0: Ball
1-0: Foul Ball, location: 2F
1-1: Ball
2-1: Foul Ball, location: 2F
2-2: Foul Ball, location: 2F
2-2: Fly out, F9 (Flyball, 9, EV 73.8 MPH)
Bottom of the 5th over - 1 run, 1 hit, 0 errors, 0 left on base; Dayton 1 - Hagerstown 2
TOP OF THE 6TH
Dayton Dragons batting - Pitching for Hagerstown Suns : RHP Jim Sanders
Batting: LHB Ray Walden 0-0: Foul Ball, location: 2F
0-1: Swinging Strike
0-2: Ball
1-2: Strikes out swinging
Batting: RHB Jonathan Robies 0-0: Swinging Strike
0-1: Ball
1-1: Called Strike
1-2: Strikes out swinging
Batting: SHB Rich Ranaldi 0-0: Ball
1-0: Called Strike
1-1: Ball
2-1: Called Strike
2-2: Foul Ball, location: 2F
2-2: Ball
3-2: Base on Balls
Batting: RHB Felipe Pineda 0-0: Ball
1-0: Called Strike
1-1: Foul Ball, location: 2F
1-2: Fly out, F8 (Flyball, 8LM, EV 90.6 MPH)
Top of the 6th over - 0 runs, 0 hits, 0 errors, 1 left on base; Dayton 1 - Hagerstown 2
BOTTOM OF THE 6TH
Hagerstown Suns batting - Pitching for Dayton Dragons : RHP Kyle Vance
Batting: RHB Er Le 0-0: Called Strike
0-1: Foul Ball, location: 2F
0-2: Ball
1-2: Ball
2-2: Ball
3-2: Strikes out swinging
Batting: RHB Travis Stanley 0-0: Ball
1-0: Ball
2-0: Ball
3-0: Called Strike
3-1: SINGLE (Groundball, 25, EV 66.2 MPH) (infield hit)
Pinch Runner at 1st Adam Jacobs:
Batting: RHB Jelexiz Cuenca 0-0: Ball
Adam Jacobs is caught stealing 2nd base 2-4
1-0: Ground out 5-3 (Groundball, 15, EV 81.2 MPH)
Bottom of the 6th over - 0 runs, 1 hit, 0 errors, 0 left on base; Dayton 1 - Hagerstown 2
TOP OF THE 7TH
Dayton Dragons batting - Pitching for Hagerstown Suns : RHP Jim Sanders
Now at 2B: Derek Moran
Now at 3B: Adam Jacobs
Batting: LHB Phil Lomax 0-0: DOUBLE (Groundball, 3L, EV 103.1 MPH)
Pinch Hitting: RHB Pedro Pinero 0-0: Ball
1-0: Fly out, F8 (Line Drive, 78M, EV 94.4 MPH)
Pitching: LHP Gregg Huddleston
Batting: RHB Pat Mage 0-0: Called Strike
0-1: Called Strike
0-2: Ball
1-2: Foul Ball, location: 2F
1-2: Strikes out looking
Pinch Hitting: LHB Chris Redhead 0-0: Called Strike
0-1: Ball
1-1: Ball
2-1: Swinging Strike
2-2: Strikes out swinging
Top of the 7th over - 0 runs, 1 hit, 0 errors, 1 left on base; Dayton 1 - Hagerstown 2
BOTTOM OF THE 7TH
Hagerstown Suns batting - Pitching for Dayton Dragons : RHP Kyle Vance
Now at 3B: Pedro Pinero
Now in RF: Chris Redhead
Batting: RHB Scott Skoglund 0-0: Called Strike
0-1: Ball
1-1: Ball
2-1: Ball
3-1: DOUBLE (Flyball, 8RXD, EV 97.5 MPH)
Batting: LHB Vince McLane 0-0: Intentional Walk
Batting: RHB Derek Moran 0-0: Foul Ball, location: 2F
0-1: Called Strike
0-2: Ball
1-2: Ball
2-2: SINGLE (Groundball, 6, EV 96.2 MPH)
Scott Skoglund to third
Vince McLane to second
Batting: RHB Deshawn Boseman 0-0: Ball
1-0: SINGLE (Line Drive, 9S, EV 92.5 MPH)
Scott Skoglund scores
Vince McLane to third
Derek Moran to second
Batting: RHB Steve Bauman 0-0: Foul Ball, location: 2F
0-1: Foul Ball, location: 2F
0-2: Ball
1-2: Foul Ball, location: 2F
1-2: SINGLE (Groundball, 6MD, EV 111.2 MPH)
Vince McLane scores
Derek Moran to third
Deshawn Boseman to second
Pitching: RHP Ken Armstrong
Batting: RHB Antonio Vallez 0-0: Ball
1-0: Called Strike
1-1: Ball
2-1: Foul Ball, location: 2F
2-2: Ball
3-2: GRAND SLAM HOME RUN (Flyball, 78XD, EV 105.0 MPH), Distance : 415 ft
Batting: RHB Er Le 0-0: Foul Ball, location: 2F
0-1: Ball
1-1: Foul Ball, location: 2F
1-2: SINGLE (Groundball, 25, EV 68.1 MPH) (infield hit)
Batting: LHB Adam Jacobs 0-0: Ball
1-0: Foul Ball, location: 2F
1-1: Foul Ball, location: 2F
1-2: Foul Ball, location: 2F
1-2: SINGLE (Groundball, 6MD, EV 95.0 MPH)
Er Le to second
Batting: RHB Jelexiz Cuenca 0-0: Ball
1-0: Foul Ball, location: 2F
1-1: Ball
2-1: Foul Ball, location: 2F
2-2: Ball
3-2: Foul Ball, location: 2F
3-2: Base on Balls
Er Le to third
Adam Jacobs to second
Batting: RHB Scott Skoglund 0-0: Foul Ball, location: 2F
0-1: Called Strike
0-2: Strikes out looking
Batting: LHB Vince McLane 0-0: Ball
1-0: Ball
2-0: SINGLE (Groundball, 4MD, EV 104.4 MPH) (infield hit)
Er Le scores
Adam Jacobs to third
Jelexiz Cuenca to second
Batting: RHB Derek Moran 0-0: Called Strike
0-1: SINGLE (Line Drive, 4MD, EV 99.4 MPH)
Adam Jacobs scores
Jelexiz Cuenca to third
Vince McLane to second
Batting: RHB Deshawn Boseman 0-0: Ball
1-0: Ball
2-0: Ball
3-0: Called Strike
3-1: Called Strike
3-2: Base on Balls
Jelexiz Cuenca scores
Vince McLane to third
Derek Moran to second
Pitching: RHP Brian Trejo
Batting: RHB Steve Bauman 0-0: Ball
1-0: Called Strike
1-1: Foul Ball, location: 2F
1-2: Ball
2-2: Foul Ball, location: 2F
2-2: Foul Ball, location: 2F
2-2: Strikes out swinging
Batting: RHB Antonio Vallez 0-0: Fly out, F7 (Flyball, 7D, EV 97.5 MPH)
Bottom of the 7th over - 9 runs, 9 hits, 0 errors, 3 left on base; Dayton 1 - Hagerstown 11
TOP OF THE 8TH
Dayton Dragons batting - Pitching for Hagerstown Suns : LHP Gregg Huddleston
Batting: RHB Tony Casas 0-0: Ball
1-0: Called Strike
1-1: Fly out, F8 (Flyball, 8RD, EV 96.9 MPH)
Batting: LHB Ray Walden 0-0: Ball
1-0: Called Strike
1-1: Ball
2-1: Fly out, F8 (Flyball, 8RM, EV 80.0 MPH)
Batting: RHB Jonathan Robies 0-0: Called Strike
0-1: Fly out, F4 (Line Drive, 4, EV 65.0 MPH)
Top of the 8th over - 0 runs, 0 hits, 0 errors, 0 left on base; Dayton 1 - Hagerstown 11
BOTTOM OF THE 8TH
Hagerstown Suns batting - Pitching for Dayton Dragons : RHP Brian Trejo
Batting: RHB Er Le 0-0: Ball
1-0: Ball
2-0: Fly out, F8 (Flyball, 8LD, EV 88.1 MPH)
Batting: LHB Adam Jacobs 0-0: Ball
1-0: Ball
2-0: Called Strike
2-1: Foul Ball, location: 2F
2-2: Foul Ball, location: 2F
2-2: Strikes out swinging
Batting: RHB Jelexiz Cuenca 0-0: Foul Ball, location: 2F
0-1: Swinging Strike
0-2: Ball
1-2: Fly out, F9 (Line Drive, 9, EV 90.0 MPH)
Bottom of the 8th over - 0 runs, 0 hits, 0 errors, 0 left on base; Dayton 1 - Hagerstown 11
TOP OF THE 9TH
Dayton Dragons batting - Pitching for Hagerstown Suns : LHP Gregg Huddleston
Batting: SHB Rich Ranaldi 0-0: Called Strike
0-1: Foul Ball, location: 2F
0-2: Strikes out swinging
Batting: RHB Felipe Pineda 0-0: Foul Ball, location: 2F
0-1: Fly out, F8 (Flyball, 8RD, EV 104.4 MPH)
Batting: LHB Phil Lomax 0-0: SINGLE (Groundball, 3S, EV 72.5 MPH) (infield hit)
Pinch Hitting: RHB Rongo Olopoto 0-0: Called Strike
0-1: Foul Ball, location: 2F
0-2: Strikes out looking
Top of the 9th over - 0 runs, 1 hit, 0 errors, 1 left on base; Dayton 1 - Hagerstown 11
Thursday, December 15th , 2022 - OOTP Baseball 23.9 Build 102